 Dungeon Crawl Stone Soup version 0.18.1-48-g4cf74bf (webtiles) character file.

56394 raph the Lord of Darkness (level 14, -1/104 HPs)
             Began as a Demonspawn Wizard on June 24, 2016.
             Was the Champion of Kikubaaqudgha.
             Slain by a sixfirhy (9 damage)
             ... summoned by an orc high priest
             ... on level 1 of the Orcish Mines on June 25, 2016.
             The game lasted 01:55:06 (34613 turns).

raph the Lord of Darkness (Demonspawn Wizard)      Turns: 34613, Time: 01:55:06

Health: -1/104     AC: 20    Str: 15    XL:     14   Next: 41%
Magic:  27/37      EV: 15    Int: 22    God:    Kikubaaqudgha [******]
Gold:   1907       SH:  0    Dex: 12    Spells: 12 memorised, 4 levels left

rFire  + + .     SeeInvis .     D - +5 whip (pain)
rCold  . . .     Gourm    .     e - +2 leather armour {rF+}
rNeg   . . .     Faith    .     (no shield)
rPois  .         Spirit   .     (helmet unavailable)
rElec  .         Dismiss  .     U - +1 cloak {+Inv}
rCorr  .         Reflect  .     K - +1 pair of gloves
SustAt .         Harm     .     (no boots)
MR     +....                    (no amulet)
Stlth  +++.......               A - ring of magical power
                                i - +4 ring of protection

@: mighty, very slightly contaminated, regenerating, hasted, repel missiles,
very quick, somewhat resistant to hostile enchantments, fairly stealthy
A: horns 3, iridescent scales 2, fire resistance 1, nightstalker 1, augmentation
1
a: Receive Corpses, Torment, Renounce Religion, Evoke Invisibility


You were on level 1 of the Orcish Mines.
You worshipped Kikubaaqudgha.
Kikubaaqudgha was exalted by your worship.
You were not hungry.

You visited 4 branches of the dungeon, and saw 21 of its levels.

You collected 1907 gold pieces.

Inventory:

Hand Weapons
 D - a +5 whip of pain (weapon)
Armour
 e - a +2 leather armour of fire resistance (worn)
 g - a +1 leather armour of poison resistance
 x - a +3 leather armour of positive energy
 K - a +1 pair of gloves (worn)
 U - a +1 cloak of invisibility (worn)
Magical Staves
 V - an uncursed staff of power
Jewellery
 i - a +4 ring of protection (left hand)
 p - an uncursed ring of fire
 q - a +4 ring of evasion
 y - an uncursed ring of protection from magic
 A - a ring of magical power (right hand)
 C - an uncursed ring of fire
 R - an uncursed ring of stealth
Wands
 a - a wand of lightning (12/15)
 b - a wand of polymorph (19/24)
 d - a wand of enslavement (6/24)
 t - a wand of lightning (8/15)
 M - a wand of iceblast (10/15)
 P - a wand of slowing (42/48)
 S - a wand of acid (8/15)
 T - a wand of teleportation (3/9)
Scrolls
 h - 9 scrolls of remove curse
 k - 3 scrolls of magic mapping
 l - 2 scrolls of blinking
 m - 2 scrolls of enchant armour
 w - 2 scrolls of fog
 z - a scroll of recharging
 E - a scroll of enchant weapon
 J - 14 scrolls of identify
 N - 6 scrolls of teleportation
 Q - 4 scrolls of amnesia
Potions
 f - 2 potions of ambrosia
 n - 4 potions of might
 o - a potion of cancellation
 r - 2 potions of agility
 v - 5 potions of flight
 B - 4 potions of curing
 H - 2 potions of resistance
 L - 2 potions of haste
 O - a potion of brilliance
Books
 c - a book of the Tempests

   Spells                             Type                      Level
   a - Static Discharge               Conjuration/Air              3
   b - Lightning Bolt                 Conjuration/Air              5
   c - Fireball                       Conjuration/Fire             5
   d - Tornado                        Air                          9
   e - Shatter                        Earth                        9
 u - a book of Geomancy

   Spells                             Type                      Level
   a - Sandblast                      Earth                        1
   b - Passwall                       Transmutation/Earth          2
   c - Stone Arrow                    Conjuration/Earth            3
   d - Petrify                        Transmutation/Earth          4
   e - Lee's Rapid Deconstruction     Earth                        5
 W - Kikubaaqudgha's Guide on Black Arts
   (Kikubaaqudgha gifted it to you on level 1 of the Lair of Beasts)

   Spells                             Type                      Level
   a - Animate Dead                   Necromancy                   4
   b - Agony                          Necromancy                   5
   c - Dispel Undead                  Necromancy                   5
   d - Simulacrum                     Ice/Necromancy               6
   e - Death Channel                  Necromancy                   6
 Y - the Volume of Harmful Heat
   (You found it on level 4 of the Lair of Beasts)

   Spells                             Type                      Level
   a - Flame Tongue                   Conjuration/Fire             1
   b - Searing Ray                    Conjuration                  2
   c - Conjure Flame                  Conjuration/Fire             3
   d - Dazzling Spray                 Conjuration/Hexes            3
   e - Iskenderun's Battlesphere      Conjuration/Charms           5
Comestibles
 G - 13 bread rations


   Skills:
 - Level 7.7 Fighting
 * Level 1.1 Maces & Flails
 - Level 5.5 Armour
 - Level 8.1 Dodging
 - Level 1.7 Stealth
 + Level 10.7 Spellcasting
 - Level 9.6 Conjurations
 - Level 7.4 Charms
 - Level 1.3 Summonings
 + Level 11.9 Necromancy
 - Level 4.5 Translocations
 + Level 6.1 Earth Magic
 - Level 4.4 Evocations


You had 4 spell levels left.
You knew the following spells:

 Your Spells              Type           Power        Failure   Level  Hunger
a - Magic Dart            Conj           ####         1%          1    None
b - Blink                 Tloc           N/A          1%          2    None
c - Call Imp              Summ           ###.....     8%          2    None
d - Stone Arrow           Conj/Erth      #####.       1%          3    None
e - Repel Missiles        Chrm/Air       ####..       2%          2    None
f - Mephitic Cloud        Conj/Pois/Air  ####....     8%          3    None
g - Regeneration          Chrm/Necr      ######....   1%          3    None
h - Shroud of Golubria    Chrm/Tloc      #####.....   1%          2    None
i - Animate Skeleton      Necr           N/A          1%          1    None
j - Sublimation of Blood  Necr           ######....   1%          2    None
k - Animate Dead          Necr           N/A          1%          4    #......
l - Agony                 Necr           ######..     1%          5    ####...


Dungeon Overview and Level Annotations

Branches:
Dungeon (12/15)            Temple (1/1) D:6            Lair (7/8) D:10
  Swamp (0/4) Lair:6       Spider (0/4) Lair:6          Orc (1/2) D:12
  Slime: Lair:6-8

Altars:
Ashenzari
Cheibriados
Dithmenos
Elyvilon
Fedhas
Gozag
Kikubaaqudgha
Makhleb
Nemelex Xobeh
Okawaru
Pakellas
Qazlal
Ru
Sif Muna
Trog
Vehumet
Xom
Yredelemnul
Zin
The Shining One

Annotations:
D:4 Krapule's ghost, amateur MiFi


Innate Abilities, Weirdness & Mutations

You have a pair of large horns on your head.
You are mostly covered in iridescent scales (AC +6).
Your flesh is heat resistant.
You are slightly more attuned to the shadows.
Your magical and physical power is slightly enhanced at high health.


Message History

The sixfirhy barely misses you. Something hits you.
You hit the orc warrior.
The orc warrior writhes in agony.
You kill the orc warrior!
Kikubaaqudgha accepts your kill.
The sixfirhy closely misses you. x2; The sixfirhy barely misses you.
The sixfirhy misses you.
A puff of frost appears from out of thin air!
The puff of frost hits you! The sixfirhy hits you. The sixfirhy shocks you!
* * * LOW HITPOINT WARNING * * *
The orc warrior shouts!
You whack something! Your headbutt misses something. The sixfirhy hits you.
* * * LOW HITPOINT WARNING * * *
The sixfirhy shocks you!
* * * LOW HITPOINT WARNING * * *
The sixfirhy barely misses you. x2; The sixfirhy closely misses you.
The sixfirhy hits you!
* * * LOW HITPOINT WARNING * * *
The sixfirhy shocks you!
You die...
Kikubaaqudgha rasps: "You have failed me!
Welcome... death!"

### ##<### ###
##.4@)####..##.##
#..44).##.......#
##..oo........#.#
#..........#...#
#......(.....(#
#....#........#####
#....o.....)......#
........o§#........
...................


You could see an orc high priest, 3 sixfirhies and 2 orc warriors.

Vanquished Creatures
  Gastronok (Lair:3)
  Nessos (D:12)
  Harold (Lair:2)
  Fannar (Lair:2)
  A death knight (D:12)
  2 hydras
  Erica (D:10)
  An ogre mage (D:12)
  Sonja (D:10)
  A fire crab (Lair:7)
  A phantasmal warrior (D:12)
  An unseen horror (D:11)
  3 hill giants
  An orc knight (D:12)
  An orc sorcerer (Orc:1)
  The ghost of LinoAlbertino the Covered, a novice HuBe of Trog (D:8)
  An ugly thing (D:11)
  2 griffons (Lair:6)
  A wolf spider (Lair:6)
  21 elephants
  10 black mambas
  Psyche (D:8)
  6 spiny frogs
  2 rime drakes (Lair:4)
  4 komodo dragons
  3 kobold demonologists
  2 trolls (D:12)
  3 two-headed ogres
  A queen bee (Lair:6)
  A polar bear (Lair:6)
  A redback (Lair:6)
  Sigmund (D:3)
  2 wraiths (D:12)
  4 wyverns
  A spriggan (D:8)
  A vampire (D:12)
  21 yaks
  2 hungry ghosts
  2 steam dragons
  9 hippogriffs
  Menkaure (D:4)
  A warg (Orc:1)
  8 water moccasins
  Duvessa (D:5)
  3 swamp worms (Lair:6)
  An eye of draining (D:12)
  7 porcupines
  13 orc warriors
  4 sky beasts
  A black bear (D:12)
  2 phantoms
  4 ice beasts
  14 ogres
  2 wolves (Lair:4)
  8 centaurs
  A necrophage (D:8)
  10 crocodiles
  5 big kobolds
  18 giant frogs
  A gnoll sergeant (D:10)
  Dowan (D:5)
  5 scorpions
  27 killer bees
  2 electric eels
  13 howler monkeys
  11 crimson imps
  3 giant frog zombies
  12 hounds
  2 centaur zombies
  2 quasits
  2 centaur skeletons
  3 jellies
  7 orc priests
  A giant frog skeleton (D:4)
  9 orc wizards
  Jessica (D:3)
  9 iguanas
  7 worker ants
  9 hell rats
  10 sheep
  2 hound zombies
  2 worker ant zombies
  Robin (D:3)
  7 gnolls
  62 river rats
  13 adders
  An ooze (D:3)
  An adder zombie (D:9)
  A worm (D:3)
  2 dart slugs
  3 giant geckos
  62 orcs
  2 ball pythons (D:2)
  3 giant cockroaches
  7 goblins
  14 hobgoblins
  14 jackals
  3 quokkas
  7 bats
  2 giant newts
  2 jackal skeletons
  16 kobolds
  A quokka skeleton (D:8)
  23 rats
  A fungus (Lair:1)
614 creatures vanquished.

Vanquished Creatures (collateral kills)
  Maud (Lair:3)
  Urug (D:12)
  A griffon (Lair:5)
  2 centaur zombies
  13 elephants
  2 spiny frogs (Lair:1)
  A rime drake (Lair:1)
  3 komodo dragons
  A two-headed ogre (D:12)
  6 yaks
  A swamp worm (Lair:6)
  2 water moccasins
  4 porcupines
  An eye of draining (D:10)
  A wolf (Lair:4)
  A centaur (D:11)
  A crocodile (Lair:1)
  A big kobold (D:6)
  4 giant frogs
  7 killer bees (Lair:6)
  2 crimson imps (D:6)
  A gnoll shaman (D:4)
  A hell rat (Lair:2)
  7 sheep
  A gnoll (D:4)
  12 river rats
  2 orcs
  3 rats
  5 fungi
  8 plants
96 creatures vanquished.

Vanquished Creatures (others)
  2 goblins (D:3)
  57 fungi
  28 plants (Lair:1)
87 creatures vanquished.

Grand Total: 797 creatures vanquished

Notes
Turn   | Place    | Note
--------------------------------------------------------------
     0 | D:1      | raph the Demonspawn Wizard began the quest for the Orb.
     0 | D:1      | Reached XP level 1. HP: 13/13 MP: 4/4
   489 | D:1      | Gained mutation: You are partially covered in iridescent scales (AC +4). [demonic ancestry]
   489 | D:1      | Reached XP level 2. HP: 19/19 MP: 0/6
  1170 | D:1      | You fall through a shaft!
  1365 | D:2      | Learned a level 2 spell: Blink
  1368 | D:2      | Learned a level 2 spell: Call Imp
  1439 | D:2      | Gained mutation: You have a pair of small horns on your head. [demonic ancestry]
  1439 | D:2      | Reached XP level 3. HP: 24/24 MP: 2/8
  2035 | D:2      | Learned a level 3 spell: Stone Arrow
  2517 | D:3      | Noticed Jessica
  2526 | D:3      | Killed Jessica
  2526 | D:3      | Reached XP level 4. HP: 30/30 MP: 4/9
  2601 | D:3      | Reached skill level 1 in Earth Magic
  2831 | D:3      | Noticed Sigmund
  3334 | D:3      | Noticed Robin
  3443 | D:3      | Killed Sigmund
  3443 | D:3      | Reached XP level 5. HP: 35/35 MP: 4/10
  3508 | D:3      | Killed Robin
  3639 | D:3      | Learned a level 2 spell: Repel Missiles
  3682 | D:3      | Gained mutation: You have a pair of horns on your head. [demonic ancestry]
  3682 | D:3      | Reached XP level 6. HP: 35/41 MP: 2/11
  4240 | D:4      | Reached skill level 5 in Conjurations
  4566 | D:4      | Noticed Menkaure
  4624 | D:4      | Found an oddly glowing altar of Pakellas.
  4625 | D:4      | Found a blossoming altar of Fedhas.
  4625 | D:4      | Found an iron altar of Okawaru.
  4625 | D:4      | Found a bloodstained altar of Trog.
  4627 | D:4      | Found an opulent altar of Gozag.
  4628 | D:4      | Found a sacrificial altar of Ru.
  4872 | D:4      | Found a white marble altar of Elyvilon.
  4956 | D:4      | Noticed Krapule's ghost (amateur MiFi)
  5515 | D:4      | Found a basalt altar of Yredelemnul.
  5638 | D:4      | Killed Menkaure
  5638 | D:4      | Gained mutation: You are slightly more attuned to the shadows. [demonic ancestry]
  5638 | D:4      | Reached XP level 7. HP: 13/46 MP: 12/12
  5815 | D:5      | Entered Level 5 of the Dungeon
  6204 | D:5      | Learned a level 3 spell: Mephitic Cloud
  6567 | D:5      | Reached skill level 1 in Fighting
  6580 | D:5      | Noticed Dowan
  6581 | D:5      | Noticed Duvessa
  6599 | D:5      | Killed Duvessa
  6599 | D:5      | Gained mutation: You are mostly covered in iridescent scales (AC +6). [demonic ancestry]
  6599 | D:5      | Reached XP level 8. HP: 46/54 MP: 1/14
  6782 | D:5      | Killed Dowan
  7368 | D:5      | Learned a level 3 spell: Conjure Flame
  7939 | D:6      | Reached skill level 5 in Spellcasting
  8391 | D:6      | Found a staircase to the Ecumenical Temple.
  8419 | Temple   | Entered the Ecumenical Temple
  8443 | Temple   | Became a worshipper of Kikubaaqudgha
  8894 | D:7      | Reached skill level 1 in Necromancy
  8952 | D:7      | Reached skill level 5 in Earth Magic
  8952 | D:7      | Reached XP level 9. HP: 59/62 MP: 16/16
  8968 | D:7      | Learned a level 2 spell: Shroud of Golubria
  9009 | D:7      | Reached skill level 1 in Translocations
  9315 | D:7      | Reached skill level 1 in Charms
  9522 | D:7      | Reached skill level 2 in Necromancy
 10043 | D:7      | Reached skill level 1 in Armour
 10278 | D:7      | Reached * piety under Kikubaaqudgha
 10278 | D:7      | Received a gift from Kikubaaqudgha
 10279 | D:7      | Identified Kikubaaqudgha's Disquisition on Necromancy (Kikubaaqudgha gifted it to you on level 7 of the Dungeon)
 10389 | D:7      | Learned a level 1 spell: Animate Skeleton
 10403 | D:7      | Found a deep blue altar of Sif Muna.
 11005 | D:7      | Reached skill level 3 in Necromancy
 11336 | D:8      | Noticed Psyche
 11341 | D:8      | Killed Psyche
 11492 | D:8      | Gained mutation: You have a pair of large horns on your head. [demonic ancestry]
 11492 | D:8      | Reached XP level 10. HP: 67/70 MP: 18/18
 11618 | D:8      | Noticed LinoAlbertino's ghost (novice HuBe)
 12217 | D:7      | Reached skill level 4 in Necromancy
 12952 | D:8      | Reached ** piety under Kikubaaqudgha
 13624 | D:9      | Found a shadowy altar of Dithmenos.
 14368 | D:10     | Entered Level 10 of the Dungeon
 14370 | D:10     | Noticed a hill giant
 14641 | D:10     | Reached skill level 5 in Necromancy
 14880 | D:10     | Learned a level 2 spell: Sublimation of Blood
 14994 | D:10     | Noticed Sonja
 15036 | D:10     | Killed Sonja
 15290 | D:10     | Noticed Erica
 15323 | D:10     | Killed Erica
 15323 | D:10     | Reached XP level 11. HP: 50/78 MP: 17/20
 15786 | D:10     | Found a staircase to the Lair.
 15942 | D:10     | Killed a hill giant
 15942 | D:10     | Reached skill level 6 in Necromancy
 16093 | D:10     | Reached skill level 5 in Armour
 16448 | D:10     | Reached skill level 5 in Fighting
 16686 | Lair:1   | Entered Level 1 of the Lair of Beasts
 16799 | Lair:1   | Reached skill level 5 in Dodging
 17025 | Lair:1   | Reached *** piety under Kikubaaqudgha
 17025 | Lair:1   | Received a gift from Kikubaaqudgha
 17037 | Lair:1   | Identified Kikubaaqudgha's Guide on Black Arts (Kikubaaqudgha gifted it to you on level 1 of the Lair of Beasts)
 17137 | Lair:1   | Reached skill level 7 in Necromancy
 18051 | Lair:1   | Gained mutation: Your magical and physical power is slightly enhanced at high health. [demonic ancestry]
 18051 | Lair:1   | Reached XP level 12. HP: 84/87 MP: 11/22
 18075 | Lair:1   | Reached skill level 8 in Necromancy
 18077 | Lair:1   | Reached skill level 5 in Charms
 18407 | Lair:1   | Learned a level 4 spell: Animate Dead
 18413 | Lair:1   | Learned a level 3 spell: Regeneration
 18828 | Lair:2   | Reached **** piety under Kikubaaqudgha
 19013 | Lair:2   | Noticed Harold
 19032 | Lair:2   | Killed Harold
 20273 | Lair:2   | Noticed Fannar
 20283 | Lair:2   | Killed Fannar
 20322 | Lair:2   | Reached ***** piety under Kikubaaqudgha
 20906 | Lair:3   | Noticed Maud
 20920 | Lair:3   | Killed Maud
 20920 | Lair:3   | Reached skill level 9 in Necromancy
 21399 | Lair:3   | Noticed Gastronok
 21411 | Lair:3   | Killed Gastronok
 22372 | Lair:4   | HP: 2/89 [black mamba (12)]
 22506 | Lair:4   | Noticed a five-headed hydra
 22759 | Lair:4   | You fall through a shaft for 2 floors!
 23594 | Lair:4   | Killed a five-headed hydra
 23594 | Lair:4   | Gained mutation: Your flesh is heat resistant. [demonic ancestry]
 23594 | Lair:4   | Reached XP level 13. HP: 89/95 MP: 21/26
 23660 | Lair:4   | Reached skill level 1 in Evocations
 23810 | Lair:4   | Learned a level 5 spell: Agony
 24325 | Lair:4   | Identified the Volume of Harmful Heat
 24996 | Lair:5   | You fall through a shaft for 2 floors!
 25042 | Lair:7   | Reached skill level 10 in Necromancy
 27425 | Lair:6   | Found a hole to the Spider Nest.
 27681 | Lair:6   | Found a staircase to the Swamp.
 27905 | Lair:6   | Reached skill level 10 in Spellcasting
 29195 | Lair:1   | Reached skill level 11 in Necromancy
 30607 | D:11     | Reached XP level 14. HP: 103/103 MP: 20/28
 31378 | D:12     | Noticed Nessos
 31397 | D:12     | Killed Nessos
 31702 | D:12     | Found a staircase to the Orcish Mines.
 31755 | D:12     | Noticed Urug
 31770 | D:12     | Killed Urug
 31770 | D:12     | Reached ****** piety under Kikubaaqudgha
 33414 | D:8      | Killed LinoAlbertino's ghost
 33622 | Temple   | Identified a +5 whip of pain (a +3 whip of venom bloodied by Kikubaaqudgha)
 33622 | Temple   | Received a gift from Kikubaaqudgha
 34213 | Orc:1    | Entered Level 1 of the Orcish Mines
 34592 | Orc:1    | Reached skill level 1 in Maces & Flails
 34613 | Orc:1    | Slain by a sixfirhy

Skill      XL: |  1  2  3  4  5  6  7  8  9 10 11 12 13 14 |
---------------+-------------------------------------------+-----
Conjurations   | 2 3 4 5 6 7 8 9 |  9.6
Earth Magic    | 2 3 5 6 |  6.1
Spellcasting   | 4 5 6 7 9 10 | 10.7
Dodging        | 2 3 4 5 6 7 8 |  8.1
Fighting       | 1 2 3 4 5 6 7 |  7.7
Necromancy     | 1 3 5 7 9 11 | 11.9
Translocations | 3 4 |  4.5
Charms         | 2 4 6 7 |  7.4
Armour         | 2 4 5 |  5.5
Evocations     | 4 |  4.4
Maces & Flails | 1 |  1.1
Stealth        | |  1.7
Summonings     | |  1.3

Action                   |  1- 3 |  4- 6 |  7- 9 | 10-12 | 13-15 || total
-------------------------+-------+-------+-------+-------+-------++-------
Melee: Dagger            |    36 |       |       |       |       ||    36
       Long sword        |     5 |     4 |       |       |       ||     9
       Headbutt          |     2 |     1 |    10 |    58 |    19 ||    90
       Whip              |       |       |   118 |   198 |   144 ||   460
       Staff             |       |       |       |   139 |    36 ||   175
 Cast: Magic Dart        |    92 |   103 |   200 |   140 |    44 ||   579
       Call Imp          |       |    15 |     6 |    12 |       ||    33
       Stone Arrow       |       |    27 |    78 |   368 |   365 ||   838
       Repel Missiles    |       |     1 |     1 |     1 |     1 ||     4
       Blink             |       |       |     2 |     5 |     3 ||    10
       Conjure Flame     |       |       |     1 |     1 |       ||     2
       Animate Skeleton  |       |       |     7 |    59 |    20 ||    86
       Mephitic Cloud    |       |       |     3 |     4 |    19 ||    26
       Shroud of Golubri |       |       |     1 |    39 |    29 ||    69
       Sublimation of Bl |       |       |       |    21 |    34 ||    55
       Animate Dead      |       |       |       |    52 |    69 ||   121
       Regeneration      |       |       |       |     2 |    16 ||    18
       Agony             |       |       |       |       |    62 ||    62
Invok: Receive Corpses   |       |       |       |     5 |     6 ||    11
       Brand Weapon With |       |       |       |       |     1 ||     1
Evoke: Wand              |       |       |       |       |     3 ||     3
  Use: Scroll            |       |    10 |    14 |    14 |     3 ||    41
       Potion            |       |       |       |     7 |     5 ||    12
 Stab: Sleeping          |     2 |       |     1 |     2 |       ||     5
       Distracted        |       |       |     1 |     3 |     1 ||     5
       Confused          |       |       |       |       |     1 ||     1
  Eat: Chunk             |     4 |     8 |    18 |    31 |    35 ||    96
       Pizza             |       |     1 |       |     2 |       ||     3
       Meat ration       |       |     1 |       |     2 |     2 ||     5
       Fruit             |       |     1 |       |       |       ||     1
       Beef jerky        |       |       |     1 |     1 |     3 ||     5
Armor: Robe              |    39 |    11 |    69 |       |       ||   119
       Leather armour    |       |       |    54 |   367 |   229 ||   650
Dodge: Dodged            |    43 |    24 |   135 |   496 |   375 ||  1073
       Deflected         |       |       |     2 |       |     8 ||    10
